 Dungeon Crawl Stone Soup version 0.14-a0-40-g75911bd (webtiles) character file.

1257 Malachi the Frost Mage (level 7, -11/50 HPs)
             Began as a White Draconian Ice Elementalist on Sept 28, 2013.
             Was a Follower of Vehumet.
             Killed from afar by inmateoo's ghost (18 damage)
             ... with a stone arrow
             ... on Level 6 of the Dungeon.
             The game lasted 00:18:26 (5871 turns).

Malachi the Frost Mage (DrIE)                       Turns: 5871, Time: 00:18:26

HP -11/50        AC 16     Str 10      XL: 7   Next: 84%
MP   9/15        EV 13     Int 18      God: Vehumet [*.....]
Gold 333         SH 13     Dex 11      Spells:  3 memorised,  5 levels left

Res.Fire  : . . .   See Invis. : .   J - +1 orc falchion (slice)
Res.Cold  : + . .   Warding    : .   (armour unavailable)
Life Prot.: . . .   Conserve   : .   (no shield)
Res.Poison: .       Res.Corr.  : .   (helmet restricted)
Res.Elec. : .       Clarity    : .   (no cloak)
Sust.Abil.: . .     Spirit.Shd : .   C - +0 pair of elf gauntlets
Res.Mut.  : .       Stasis     : .   D - +0 pair of boots
Res.Rott. : .       Flight     : .   (no amulet)
Saprovore : . . .                    r - ring of sustenance
                                     k - +2 ring of protection

@: icy armour, slightly resistant to hostile enchantments, fairly stealthy
A: breathe frost, unfitting armour, cold resistance 1, AC +6
a: Breathe Frost, Renounce Religion


You were on level 6 of the Dungeon.
You worshipped Vehumet.
Vehumet was aware of your devotion.
You were not hungry.

You visited 1 branch of the dungeon, and saw 6 of its levels.

You collected 313 gold pieces.

Inventory:

Hand weapons
 a - a +0,+0 short sword
 f - a +1,+0 trident
 H - a +0,+1 halberd
 J - a +1,+1 orcish falchion of slicing (weapon)
Armour
 n - a +0 buckler
 C - a +0 pair of elven gauntlets (worn)
 D - a +0 pair of boots (worn)
Comestibles
 c - 2 bread rations
 l - 4 meat rations
 q - a rotting chunk of orc flesh
 F - a chunk of giant gecko flesh
 G - a chunk of orc flesh
Scrolls
 g - a scroll of enchant weapon I
 j - 3 scrolls of fog {unknown}
 o - a scroll of noise
 s - a scroll of enchant weapon III {unknown}
 t - 2 scrolls of enchant weapon II {unknown}
 v - 3 scrolls of teleportation {unknown}
 w - a scroll of fear {unknown}
 x - 3 scrolls of remove curse {unknown}
 y - 4 scrolls of curse armour {unknown}
 A - a scroll of curse jewellery {unknown}
 B - 2 scrolls of immolation {unknown}
 E - 2 scrolls of identify
 I - a scroll of blinking
 K - 3 scrolls of recharging {unknown}
Jewellery
 k - a +2 ring of protection (left hand)
 m - an uncursed ring of teleport control
 r - a ring of sustenance (right hand)
Potions
 d - a potion of speed {unknown}
 e - a potion of flight {unknown}
 h - a potion of mutation {unknown}
 i - a potion of resistance {unknown}
 p - 2 potions of restore abilities
 u - 3 potions of curing {unknown}
 z - 2 potions of brilliance {unknown}
Books
 b - a book of Frost

   Spells                             Type                      Level
   *Freeze                            Ice                          1
   Throw Frost                        Conjuration/Ice              2
   *Ozocubu's Armour                  Charms/Ice                   3
   Throw Icicle                       Conjuration/Ice              4
   Summon Ice Beast                   Ice/Summoning                4
   *Condensation Shield               Ice                          4


   Skills:
 + Level 0.9 Fighting
 + Level 1.0 Polearms
 + Level 3.7 Dodging
 + Level 2.3 Stealth
   Level 0.2 Shields
 + Level 3.9 Spellcasting
   Level 1.0 Conjurations
 + Level 0.8 Charms
 * Level 8.4 Ice Magic


You had 5 spell levels left.
You knew the following spells:

 Your Spells              Type           Power        Failure   Level  Hunger
a - Freeze                Ice            ####         1%          1    None
b - Ozocubu's Armour      Chrm/Ice       ###.......   10%         3    ###....
c - Condensation Shield   Ice            ####......   6%          4    ####...


Dungeon Overview and Level Annotations

Branches:
Dungeon (6/27)             Temple (0/1) D:6
    Orc: D:6-11

Altars:
Cheibriados
Kikubaaqudgha
Nemelex Xobeh
Trog
Vehumet
Xom

Annotations:
D:3 1 exclusion, Grinder
D:6 inmateoo's ghost, experienced GrEE


Innate Abilities, Weirdness & Mutations

You can breathe waves of freezing cold.
You can buffet flying creatures when you breathe cold.
Your icy white scales are hard (AC +6).
Your body does not fit into most forms of armour.
Your cold-blooded metabolism reacts poorly to cold.
Your flesh is cold resistant.


Message History

Inmateoo's ghost casts a spell at you. The stone arrow misses you.
You hit inmateoo's ghost.
Inmateoo's ghost is lightly damaged.
Inmateoo's ghost hits you but does no damage.
Inmateoo's ghost barely misses you.
You barely miss inmateoo's ghost.
Inmateoo's ghost is lightly damaged.
Inmateoo's ghost hits you but does no damage.
You hit inmateoo's ghost but do no damage.
Your tail-slap misses inmateoo's ghost.
Inmateoo's ghost is lightly damaged.
Inmateoo's ghost points at you and mumbles some strange words.
The stone arrow hits you!
* * * LOW HITPOINT WARNING * * *
Your icy shield starts to melt.
Inmateoo's ghost hits you but does no damage.
Inmateoo's ghost gestures at you while chanting.
The stone arrow hits you!
You die...

#......#
#......#
#..(...#
#......#
#......#
#.>....#
#.....p#
#......#
#....@.#
#......#
#......#
#......#
#......#
#...<..#
#).....#
#......#
#......#


You could see inmateoo's ghost.

Vanquished Creatures
  An ice beast (D:5)
  3 ogres
  A crimson imp (D:6)
  A hound (D:6)
  2 orc priests
  An iguana (D:6)
  An orc wizard (D:6)
  3 worker ants (D:4)
  A scorpion (D:5)
  Ijyb (D:2)
  An ogre zombie (D:6)
  An ogre skeleton (D:6)
  Terence (D:3)
  A hound skeleton (D:6)
  4 gnolls (D:6)
  7 adders
  A giant mite (D:3)
  An inept item mimic (D:2)
  A worm (D:4)
  An adder skeleton (D:5)
  3 giant geckos
  13 orcs
  3 bat skeletons
  2 giant cockroaches
  10 hobgoblins
  11 kobolds
  3 quokkas
  2 ball pythons (D:1)
  7 bats
  8 giant newts
  10 goblins
  A goblin skeleton (D:4)
  A hobgoblin zombie (D:6)
  9 jackals
  A kobold skeleton (D:4)
  19 rats
137 creatures vanquished.

Notes
Turn   | Place    | Note
--------------------------------------------------------------
     0 | D:1      | Malachi, the Draconian Ice Elementalist, began the quest for the Orb.
     0 | D:1      | Reached XP level 1. HP: 14/14 MP: 3/3
   338 | D:1      | Reached XP level 2. HP: 20/20 MP: 2/4
  1011 | D:1      | Reached XP level 3. HP: 26/26 MP: 4/6
  1467 | D:2      | Reached skill level 4 in Ice Magic
  1527 | D:2      | Noticed Ijyb
  1551 | D:2      | Killed Ijyb
  1551 | D:2      | Reached XP level 4. HP: 33/33 MP: 1/7
  1744 | D:3      | Noticed Grinder
  1981 | D:3      | Noticed Terence
  1996 | D:3      | Killed Terence
  2013 | D:3      | Reached XP level 5. HP: 38/38 MP: 1/9
  2632 | D:4      | Noticed a phantom
  2676 | D:5      | Entered Level 5 of the Dungeon
  2730 | D:5      | Noticed an ogre
  2815 | D:5      | Killed an ogre
  2815 | D:5      | Reached skill level 5 in Ice Magic
  2845 | D:5      | Found a radiant altar of Vehumet.
  2870 | D:5      | Found a shimmering altar of Xom.
  2877 | D:5      | Became a worshipper of Vehumet
  2880 | D:5      | Found an ancient bone altar of Kikubaaqudgha.
  2880 | D:5      | Found a snail-covered altar of Cheibriados.
  3093 | D:5      | Reached XP level 6. HP: 43/45 MP: 9/12
  3100 | D:5      | Noticed an ogre
  3107 | D:5      | Killed an ogre
  3278 | D:5      | Found a sparkling altar of Nemelex Xobeh.
  3689 | D:5      | Noticed an ice beast
  3698 | D:5      | Learned a level 3 spell: Ozocubu's Armour
  3750 | D:5      | Killed an ice beast
  3947 | D:4      | Reached skill level 6 in Ice Magic
  4063 | D:4      | Your scales start taking on an icy white colour.
  4063 | D:4      | Gained mutation: Your flesh is cold resistant. [draconian maturity]
  4063 | D:4      | Reached skill level 7 in Ice Magic
  4063 | D:4      | Reached XP level 7. HP: 50/50 MP: 9/14
  4128 | D:4      | Acquired Vehumet's first power
  4128 | D:4      | Offered knowledge of Sandblast by Vehumet.
  4287 | D:4      | Noticed a moth of wrath
  4289 | D:4      | Found a bloodstained altar of Trog.
  5055 | D:4      | Learned a level 4 spell: Condensation Shield
  5486 | D:6      | Found a staircase to the Ecumenical Temple.
  5516 | D:6      | Reached skill level 1 in Polearms
  5525 | D:6      | Reached skill level 8 in Ice Magic
  5858 | D:6      | Noticed inmateoo's ghost (experienced GrEE)
  5871 | D:6      | Killed from afar by inmateoo's ghost

Action                   |  1- 3 |  4- 6 |  7- 9 || total
-------------------------+-------+-------+-------++-------
Melee: Short sword       |    30 |       |       ||    30
       Trident           |    33 |    98 |    34 ||   165
       Halberd           |       |       |    67 ||    67
       Falchion          |       |       |     3 ||     3
 Cast: Freeze            |    58 |    62 |    60 ||   180
       Ozocubu's Armour  |       |     2 |     6 ||     8
       Condensation Shie |       |       |     7 ||     7
 Abil: Breathe Frost     |       |       |     2 ||     2
  Use: Scroll            |       |    11 |       ||    11
 Stab: Sleeping          |     3 |     3 |     1 ||     7
